 Dungeon Crawl Stone Soup version 0.23.1 (webtiles) character file.

Game seed: 3891737876934584232

42 redwoodhats the Skirmisher (level 3, -1/34 HPs)
             Began as a Minotaur Abyssal Knight on Mar 14, 2019.
             Was a Follower of Lugonu.
             Slain by Sigmund
             ... wielding a +0 scythe
              (4 damage)
             ... on level 2 of the Dungeon.
             The game lasted 00:07:27 (1907 turns).

redwoodhats the Skirmisher (MiAK)                   Turns: 1907, Time: 00:07:28

Health: -1/34      AC: 11    Str: 16 (17) XL:     3   Next: 35%
Magic:  3/3        EV:  5    Int:  4 (7)  God:    Lugonu [*.....]
Gold:   80         SH:  0    Dex:  7 (9)  Spells: 2/2 levels left

rFire    + . .     SeeInvis .   a - +1 mace
rCold    + . .     Gourm    .   (no shield)
rNeg     . . .     Faith    .   g - +0 plate armour
rPois    +         Spirit   .   (helmet restricted)
rElec    +         Reflect  .   (no cloak)
rCorr    +         Harm     .   (no gloves)
MR       .....                  (no boots)
Stlth    ..........             (no amulet)
HPRegen  0.11/turn              (no ring)
MPRegen  0.08/turn              (no ring)

@: resistant
A: retaliatory headbutt, horns 2, deterioration 1, dopey 1
a: Depart the Abyss, Renounce Religion


You were on level 2 of the Dungeon.
You worshipped Lugonu.
Lugonu was aware of your devotion.
You were not hungry.

You visited 1 branch of the dungeon, and saw 2 of its levels.
You visited the Abyss 1 time.

You collected 80 gold pieces.

Inventory:

Hand Weapons
 a - a +1 mace (weapon)
 e - a +1 arbalest of freezing
Missiles
 f - 12 arrows
Armour
 b - a +0 leather armour
 g - a +0 plate armour (worn)
Scrolls
 d - a scroll of noise
Comestibles
 c - 5 rations


   Skills:
 + Level 4.3 Fighting
 + Level 3.4 Maces & Flails
 + Level 2.8 Armour
 + Level 1.1 Dodging
 + Level 2.0 Invocations


You had 2 spell levels left.
You didn't know any spells.
Your spell library was empty.

Dungeon Overview and Level Annotations

Branches:
Dungeon (2/15)

Altars:

Annotations:
D:2 Sigmund


Innate Abilities, Weirdness & Mutations

You reflexively headbutt those who attack you in melee.
You have a pair of horns on your head.
Your body sometimes deteriorates upon taking damage.
You are dopey. (Int -2)


Message History

* * * LOW HITPOINT WARNING * * *
You bump into the rock wall.
A magic dart appears from out of thin air!
The magic dart hits you but does no damage.
The frilled lizard bites you but does no damage.
You bump into the rock wall.
The frilled lizard barely misses you.
You're too confused to move!
The frilled lizard barely misses you.
You bump into the rock wall.
The frilled lizard bites you.
* * * LOW HITPOINT WARNING * * *
You bump into the rock wall.
You feel less confused. Something hits you.
* * * LOW HITPOINT WARNING * * *
The frilled lizard bites you but does no damage.
Your plate armour prevents you from hitting the frilled lizard.
The frilled lizard bites you but does no damage.
It was a potion of resistance.
You feel protected. Something hits you.
You die...

.# .# # .# ##+## .# .#
##...## ... .# ##.....##
... .## ##.......##
..#..
..####.........###......
.....'........{'@l......
..####........(###......
.## ##...[...## ..... ##
##.....## .... ##>..##
### ##+##


You could see a frilled lizard.

Vanquished Creatures
  A gnoll (D:1)
  2 dart slugs (D:2)
  A leopard gecko (D:2)
  3 giant cockroaches (D:1)
  4 goblins
  3 hobgoblins
  6 bats (D:1)
  4 kobolds
  2 rats (D:1)
26 creatures vanquished.

Vanquished Creatures (others)
  4 toadstools (D:1)
4 creatures vanquished.

Grand Total: 30 creatures vanquished

Notes
Turn   | Place    | Note
-------+----------+-------------------------------------------
     0 | Abyss:1  | redwoodhats the Minotaur Abyssal Knight began the quest for
                  | the Orb.
     0 | Abyss:1  | Reached XP level 1. HP: 19/19 MP: 1/1
    18 | Abyss:1  | Found a corrupted altar of Lugonu.
   111 | Abyss:2  | Noticed a neqoxec
   116 | Abyss:2  | Noticed a neqoxec
   131 | Abyss:2  | Gained mutation: Your body sometimes deteriorates upon
                  | taking damage. [a neqoxec]
   135 | Abyss:2  | Noticed a ynoxinul
   140 | Abyss:2  | Gained mutation: You are dopey. (Int -2) [a neqoxec]
   144 | Abyss:2  | Noticed a quasit
   152 | D:1      | Escaped the Abyss
   706 | D:1      | Reached skill level 4 in Fighting
   706 | D:1      | Reached XP level 2. HP: 20/27 MP: 2/2
   970 | D:1      | Reached * piety under Lugonu
  1395 | D:1      | Reached XP level 3. HP: 33/33 MP: 3/3
  1789 | D:2      | Noticed Sigmund
  1907 | D:2      | Slain by Sigmund

Skill      XL: |  1  2  3 |
---------------+----------+-----
Fighting       | 4 |  4.3
Maces & Flails | 3 |  3.4
Invocations    | 2 |  2.0
Armour         | |  2.8
Dodging        | |  1.1

Action                   || total
-------------------------++-------
Melee: Mace              ||    80
       Headbutt          ||     7
Invok: Depart the Abyss  ||     1
  Use: Scroll            ||     7
       Potion            ||     3
  Eat: Chunk             ||     1
       Ration            ||     1
Armor: Plate armour      ||    68
Dodge: Dodged            ||    35
